Map: Cité émeraude EC

Players

Sorandom

  • Race: Protoss Protoss
  • League: Diamond
  • Spawn Location: 11:00

IA (très facile) - Winner!

  • Race: Zerg Zerg
  • Spawn Location: 5:00

VOD

Have the link to the VOD?

Description

Time

  • Played on: April 3, 2019, 2:28 p.m.
  • Length: 9:56
Show
View Real Time Build Order
Export as new Build Order

Sorandom Protoss 

Build Orders:  

Get SALT Encoding   

  12  0:03  Probe  
  13  0:22  Probe  
  13  0:23  Pylon  
  14  0:30  Probe  
  15  0:42  Gateway  
  15  1:01  Forge  
  15  1:04  Pylon  
  15  1:32  Probe  
  16  1:38  Zealot  
  18  1:56  Pylon  
Show
View Real Time Build Order
Export as new Build Order

IA (très facile) Zerg - Winner!

Build Orders: Pool First 

Get SALT Encoding   

  12  0:01  Drone  
  13  0:12  Overlord  
  13  0:17  Drone  
  14  0:35  Spawning Pool  
  13  0:37  Extractor  
  13  0:39  Drone  
  13  0:47  Drone  
  14  0:52  Overlord  
  14  1:22  Zergling x2  
  14  1:23  Queen  
  17  1:31  Roach Warren  
  17  1:32  Extractor  
  15  1:38  Drone  
  16  1:45  Drone  
  17  1:49  Zergling x2  
  18  2:05  Drone  
  19  2:12  Drone  
  20  2:16  Zergling x2  
  20  2:20  Drone  
  22  2:29  Overlord  
  22  2:35  Drone  
  23  2:42  Drone  
  23  2:44  Roach  
  26  2:49  Drone  
  27  7:18  Lair, Roach, Drone  
  27  7:19  Overlord  
  30  7:24  Hatchery  
  30  7:25  Drone  
  30  7:32  Drone  
  31  7:40  Drone  
  32  7:47  Drone  
  33  7:54  Roach  
  34  8:15  Overseer  
  34  8:19  Overseer  
  34  8:38  Drone  
  34  8:41  Extractor  
  34  8:44  Extractor  
  34  8:45  Drone  
  34  8:52  Drone  
  35  8:59  Drone  
  36  9:07  Drone  
  37  9:14  Drone  
  38  9:21  Drone  
  39  9:28  Drone  
  40  9:35  Drone  
  41  9:42  Drone  
Tags
 
League
Diamond
Matchup
PvZ
Opening
Pool First
Replay Pack
Pack 2
Spawn Locations
Cross Positions
Add a new tag
Caveats
  • Supply blocks, unpowered buildings, or Contaminate may cause inaccurate times.
  • Supply counts are checked every 10 seconds.